AoeStats
← [RAT] G0rm

Oasis

507354921Analyzed
3v3 RM · 15d ago on Sep 17, 2026· 25m 31s· 6 players
Game mode
Random Map
Map size
Normal (6 player)
Population
200
Speed
Normal
Resources
Standard
Victory
Conquest
Starting age
Dark Age
Ending age
Imperial Age
RankedLock teamsTeams togetherTeam positionsShared explorationLock speedFull tech treeHidden civsTurbo modeCheats
Victory
Defeat
🇪🇸 Koreans · Spain
1655
+9
🇵🇱 Sicilians · Poland
1632
+10
🇪🇸 Berbers · Spain
1436
+19
🇷🇴 Malay · Romania
1536
-14
🇳🇱 Huns · Netherlands
1523
-14
🇷🇴 Bengalis · Romania
1428
-10
Tdb.Ricardo90
6:40 Loom
8:44 Feudal Age
12:40 Fletching
15:46 Double-Bit Axe
17:52 Horse Collar
23:39 Castle Age
24:23 Bodkin Arrow
24:07 Crossbowman
25:24 Gold Mining
25:46 Bow Saw
25:41 Heavy Plow
TdB.Fëanor
9:04 Feudal Age
9:32 Double-Bit Axe
9:29 Horse Collar
16:08 Loom
20:24 Castle Age
18:17 Gold Mining
18:55 Bloodlines
18:55 Scale Barding Armor
21:42 Chain Barding Armor
21:28 Husbandry
22:15 Bow Saw
TdB.Red Matador
8:13 Loom
11:12 Feudal Age
12:22 Double-Bit Axe
18:02 Castle Age
16:09 Horse Collar
17:29 Fletching
17:41 Padded Archer Armor
18:51 Bodkin Arrow
23:44 Leather Archer Armor
[RAT] Havik_AoE
9:17 Feudal Age
9:50 Double-Bit Axe
10:01 Loom
10:14 Horse Collar
14:42 Scale Barding Armor
20:38 Castle Age
18:31 Gold Mining
20:03 Wheelbarrow
19:57 Bloodlines
20:27 Forging
21:35 Bow Saw
22:17 Chain Barding Armor
22:03 Husbandry
Mihail
6:46 Loom
9:04 Feudal Age
13:59 Double-Bit Axe
14:40 Horse Collar
21:37 Castle Age
20:30 Fletching
21:44 Crossbowman
22:20 Bodkin Arrow
24:14 Bow Saw
24:14 Heavy Plow
[RAT] G0rm
9:32 Feudal Age
10:19 Loom
15:41 Fletching
17:12 Padded Archer Armor
17:53 Double-Bit Axe
27:15 Castle Age
Connection lost

Rejoining the realm…

Still unreachable

The connection could not be restored.

Session expired

The server has moved on; the page needs a fresh start.